Map: Cerulean Fall LE

Players

Cure

  • Race: Terran Terran
  • League: Master
  • Spawn Location: 1:00

Harstem - Winner!

  • Race: Protoss Protoss
  • League: Master
  • Spawn Location: 7:00

Event: HomeStory Cup XVIII

VOD

Have the link to the VOD?

Description

Time

  • Played on: Nov. 22, 2018, 1:02 p.m.
  • Length: 10:32

All games in this series

Show
View Real Time Build Order
Export as new Build Order

Cure Terran 

Build Orders: Reaper Expand 

Get SALT Encoding   

  12  0:00  SCV  
  13  0:12  SCV  
  14  0:17  Supply Depot  
  14  0:24  SCV  
  15  0:38  SCV  
  15  0:39  Barracks  
  16  0:44  Refinery  
  16  0:51  SCV  
  17  1:03  SCV  
  18  1:15  SCV  
  19  1:27  Orbital Command  
  19  1:28  Reaper  
  20  1:39  Command Center  
  20  1:53  SCV  
  21  2:00  Reaper  
  22  2:05  Supply Depot, SCV  
  22  2:07  Barracks  
  23  2:20  Barracks  
  23  2:27  SCV  
  24  2:33  Barracks Reactor  
  24  2:39  SCV  
  24  2:42  Engineering Bay  
  25  2:51  SCV  
  26  2:54  Refinery  
  26  2:55  Barracks Tech Lab  
  26  2:56  Orbital Command  
  26  3:03  SCV  
  27  3:07  Barracks Reactor  
  27  3:09  Marine x2  
  29  3:15  SCV  
  29  3:16  Marine  
  29  3:17  Stimpack  
  31  3:23  SCV  
  31  3:26  Missile Turret  
  32  3:27  Marine, SCV  
  32  3:29  Marine  
  32  3:33  Marine  
  36  3:35  SCV  
  36  3:39  SCV  
  37  3:43  Marine  
  37  3:44  Marine  
  37  3:45  Marine  
  37  3:47  Marine, SCV  
  41  3:50  Supply Depot  
  41  3:51  SCV  
  41  3:54  Terran Infantry Weapons Level 1  
  42  3:56  Marine  
  42  3:59  SCV  
  44  4:03  SCV  
  44  4:05  Marine  
  46  4:11  Supply Depot, Marine x3  
  46  4:13  SCV  
  46  4:14  Marine  
  46  4:15  SCV  
  52  4:19  Supply Depot  
  52  4:24  Marine  
  52  4:27  SCV  
  54  4:32  Missile Turret, Marine x4, SCV  
  58  4:41  SCV  
  58  4:42  Marine  
  58  4:45  SCV  
  60  4:50  Marine x4  
  64  4:54  SCV  
  64  4:56  Supply Depot x2  
  64  4:57  SCV  
  66  5:00  Marine  
  66  5:06  Command Center  
  67  5:08  SCV  
  67  5:09  SCV  
  69  5:17  Combat Shield  
  68  5:24  Marine x5  
  70  5:29  SCV x2  
  68  5:35  Factory  
  68  5:37  Supply Depot  
  68  5:39  Supply Depot  
  68  5:41  SCV x2  
  70  5:44  Marine x5  
  75  5:54  SCV x2  
  75  6:03  Barracks x2  
  75  6:06  Marine x4, SCV x2  
  75  6:07  Marine  
  82  6:14  Refinery  
  82  6:15  Refinery  
  82  6:18  SCV x2  
  84  6:19  Orbital Command  
  84  6:24  Starport  
  84  6:26  Factory Reactor  
  84  6:30  SCV x2  
  86  6:32  Ghost Academy  
  86  6:37  Marine x4  
  86  6:38  Marine  
  91  6:42  SCV x2  
  91  6:46  SCV  
  94  6:50  Barracks Tech Lab x2  
  94  6:56  Terran Infantry Armor Level 1  
  94  6:59  Missile Turret  
  94  7:02  Missile Turret, Ghost  
  94  7:03  Marine x4  
  100  7:12  Ghost x2, Medivac x2  
  108  7:17  SCV x3  
  108  7:20  Supply Depot x2  
  108  7:22  Marine x2  
  113  7:23  Marine  
  113  7:24  Marine, Factory Reactor  
  113  7:27  Missile Turret  
  115  7:36  Supply Depot x2  
  117  7:37  Ghost  
  117  7:41  Ghost x2  
  121  7:45  Marine x4  
  117  7:56  SCV x3  
  117  8:08  Marine x2  
  117  8:09  Marine x2, Marauder  
  117  8:10  Widow Mine x2, Medivac x2  
  117  8:11  Marauder  
  133  8:20  Refinery x2  
  133  8:22  Supply Depot  
  133  8:23  Supply Depot  
  133  8:26  Marauder, SCV x2  
  138  8:30  Marine x4, Marauder  
  138  8:32  Marauder  
  136  8:45  Orbital Command  
  136  8:48  Marine x2, Marauder  
  139  8:50  Widow Mine x2  
  139  8:51  Marauder  
  139  8:54  Marauder  
  136  9:05  Medivac x2  
  136  9:09  Marauder  
  139  9:14  SCV x3  
  139  9:19  Marauder  
  139  9:20  Marauder  
  139  9:22  Marine x2  
  145  9:25  Marine  
  145  9:27  Marine  
  126  9:48  Marauder x3  
  121  9:55  Marine x4  
  74  10:13  Marine x4  
Show
View Real Time Build Order
Export as new Build Order

Harstem Protoss - Winner!

Build Orders: 1 Gate Expand, Oracle Opening 

Get SALT Encoding   

  12  0:00  Probe  
  13  0:12  Probe  
  14  0:19  Pylon  
  14  0:24  Probe  
  15  0:33  Probe  
  15  0:38  Gateway  
  15  0:41  Probe  
  16  0:47  Assimilator  
  17  0:52  Probe  
  18  1:04  Probe  
  19  1:16  Probe  
  20  1:23  Nexus  
  20  1:33  Cybernetics Core  
  20  1:35  Probe  
  21  1:41  Assimilator  
  21  1:47  Probe  
  21  1:52  Pylon  
  22  1:59  Probe  
  23  2:01  Adept  
  23  2:11  Probe  
  23  2:15  Stargate  
  26  2:22  Probe  
  26  2:27  Adept  
  26  2:29  Warp Gate  
  29  2:30  Probe  
  30  2:40  Probe  
  31  2:44  Probe  
  31  2:48  Probe  
  31  2:49  Oracle  
  31  2:56  Probe  
  31  2:57  Probe  
  33  3:04  Pylon  
  37  3:08  Probe  
  37  3:09  Probe  
  39  3:14  Adept  
  41  3:20  Probe  
  41  3:21  Probe  
  43  3:32  Oracle, Probe  
  47  3:36  Probe  
  48  3:44  Probe  
  48  3:47  Gateway  
  49  3:48  Probe  
  49  3:49  Gateway  
  49  3:53  Pylon  
  50  3:57  Probe  
  50  4:00  Probe  
  52  4:10  Nexus  
  52  4:12  Probe  
  52  4:14  Probe  
  54  4:22  Twilight Council  
  54  4:28  Probe x2, Assimilator  
  54  4:30  Pylon  
  54  4:40  Resonating Glaives, Probe  
  54  4:45  Probe  
  56  4:46  Sentry, Stalker x2  
  56  4:49  Assimilator  
  56  4:52  Forge  
  62  4:56  Probe  
  62  4:59  Probe  
  64  5:05  Protoss Ground Weapons Level 1  
  64  5:09  Adept x2  
  64  5:11  Adept  
  64  5:13  Pylon  
  70  5:22  Probe x3  
  73  5:30  Adept x2  
  73  5:34  Probe x2  
  73  5:35  Probe, Robotics Facility  
  77  5:39  Pylon  
  77  5:42  Sentry  
  79  5:46  Probe  
  80  5:54  Sentry, Probe  
  80  5:55  Stalker  
  86  5:58  Probe  
  86  5:59  Shield Battery  
  86  6:04  Gateway  
  86  6:05  Gateway  
  86  6:06  Probe  
  86  6:09  Probe  
  88  6:13  Warp Prism, Gateway  
  88  6:14  Pylon  
  88  6:15  Probe  
  88  6:18  Blink  
  90  6:23  Oracle  
  92  6:30  Probe  
  92  6:37  Probe  
  92  6:38  Robotics Bay  
  96  6:40  Pylon, Probe  
  96  6:42  Probe  
  96  6:44  Adept  
  96  6:46  Pylon  
  100  6:48  Immortal  
  100  6:50  Adept x2  
  100  6:51  Pylon  
  100  6:54  Pylon  
  105  7:00  Probe  
  109  7:04  Pylon  
  109  7:07  Assimilator  
  109  7:08  Protoss Ground Armor Level 1  
  109  7:12  Assimilator  
  109  7:16  Colossus  
  109  7:21  Forge, Probe  
  109  7:22  Pylon  
  110  7:24  Pylon, Adept x3  
  110  7:25  Adept  
  118  7:34  Probe  
  125  7:37  Probe  
  126  7:48  Adept x5  
  126  7:49  Extended Thermal Lance  
  136  7:58  Probe  
  129  8:03  Robotics Facility  
  127  8:10  Stalker x4  
  135  8:13  Pylon  
  135  8:15  Adept x2  
  135  8:17  Colossus  
  140  8:35  Adept x5  
  150  8:51  Adept  
  152  8:57  Adept x5  
  152  9:00  Colossus  
  140  9:14  Adept  
  140  9:15  Colossus  
  148  9:17  Nexus  
  148  9:20  Adept x2  
  148  9:23  Adept  
  148  9:24  Adept  
  148  9:42  Adept x4  
  148  9:46  Adept x2  
  110  10:03  Stalker x4  
  114  10:15  Sentry  
  114  10:16  Adept  
  118  10:26  Nexus  
Tags
 
Add a new tag
Caveats
  • Supply blocks, unpowered buildings, or Contaminate may cause inaccurate times.
  • Supply counts are checked every 10 seconds.